 Dungeon Crawl Stone Soup version 0.31-a0-836-g3ceb0a68c4 (webtiles) character file.

Game seed: 4746855121677713411

1257 croobank the Ruffian (level 8, -3/54 (61) HPs)
             Began as a Gnoll Shapeshifter on Sept 26, 2023.
             Was an Initiate of Hepliaklqana.
             Slain by a wight
             ... wielding a +0 war axe
              (7 damage)
             ... on level 6 of the Dungeon.
             The game lasted 00:11:02 (5347 turns).

croobank the Ruffian (Gnoll Shapeshifter)           Turns: 5347, Time: 00:11:02

HP:   -3/54 (61)    AC:  9    Str: 14    XL:     8   Next: 51%
MP:   13/13         EV: 13    Int: 12    God:    Hepliaklqana [......]
Gold: 175           SH:  0    Dex: 11    Spells: 11/13 levels left

rFire   + . .        w - +5 falchion of Fragile Peace {protect, rF+}
rCold   . . .        (no shield)
rNeg    . . .        a - +0 animal skin
rPois   .            (helmet currently unavailable)
rElec   .            (cloak currently unavailable)
rCorr   .            (gloves currently unavailable)
SInv    .            (boots currently unavailable)
Will    .....        x - amulet of regeneration
Stlth   ++           (no ring)
HPRegen 1.09/turn    (no ring)
MPRegen 0.13/turn

%: no passive effects
@: mighty, beast-form, under a protective aura, heavily drained
A: beast (slay +4), fangs 1, strong nose, distributed training
a: Begin Untransformation, Renounce Religion


You were on level 6 of the Dungeon.
You worshipped Hepliaklqana.
Hepliaklqana was noncommittal.
You were a hulking beast.
You visited 1 branch of the dungeon, and saw 6 of its levels.

You collected 208 gold pieces.
You spent 33 gold pieces at shops.

Inventory:

Hand Weapons
 e - a +3 flail
 w - the +5 falchion of Fragile Peace (weapon) {protect, rF+}
   (You found it on level 3 of the Dungeon)

   rF+:       It protects you from fire.
 C - a +0 war axe
Missiles
 l - 5 javelins (quivered)
 y - 2 boomerangs
 A - 5 poisoned darts
Armour
 a - a +0 animal skin (worn)
 k - a +0 pair of boots
 o - a +0 pair of gloves
 t - a +2 ring mail of cold resistance
Magical Staves
 n - a staff of air
Jewellery
 x - an amulet of regeneration (around neck)
Talismans
 c - a beast talisman (active)
 d - a flux talisman
Wands
 b - a wand of flame (27)
 D - a wand of polymorph (9)
Scrolls
 g - 3 scrolls of teleportation
 i - 5 scrolls of enchant weapon
 r - a scroll of butterflies {unknown}
 s - 2 scrolls of noise {unknown}
Potions
 h - a potion of enlightenment
 j - 2 potions of attraction
 q - 2 potions of curing {unknown}
 u - a potion of berserk rage {unknown}
 v - 2 potions of ambrosia {unknown}
 z - a potion of heal wounds {unknown}


   Skills:
 + Level 4.3 Fighting
 + Level 3.4 Short Blades
 + Level 3.4 Long Blades
 + Level 3.4 Axes
 + Level 3.4 Maces & Flails
 + Level 3.4 Polearms
 + Level 3.4 Staves
 + Level 3.4 Ranged Weapons
 + Level 3.4 Throwing
 + Level 3.4 Armour
 + Level 5.8 Dodging
 + Level 3.4 Stealth
 + Level 3.4 Shields
 + Level 7.4 Unarmed Combat
 + Level 3.4 Spellcasting
 + Level 2.8 Conjurations
 + Level 2.8 Hexes
 + Level 2.8 Summonings
 + Level 2.8 Necromancy
 + Level 2.8 Translocations
 + Level 2.8 Transmutations
 + Level 2.8 Fire Magic
 + Level 2.8 Ice Magic
 + Level 2.8 Air Magic
 + Level 2.8 Earth Magic
 + Level 2.8 Poison Magic
 + Level 3.7 Invocations
 + Level 3.4 Evocations
 + Level 7.3 Shapeshifting


You had 11 spell levels left.
You knew the following spells:

 Your Spells              Type           Power      Damage    Failure   Level
a - Blink                 Tloc           16%        N/A       12%         2

Your spell library contained the following spells:

 Spells                   Type           Power      Damage    Failure   Level
 Lesser Beckoning         Tloc           16%        N/A       12%         2
 Momentum Strike          Conj/Tloc      16%        3d8       12%         2
 Chain Lightning          Conj/Air       4%         3d5       100%        9
 Fire Storm               Conj/Fire      4%         8d1       100%        9
 Shatter                  Erth           4%         3d7*      100%        9


Dungeon Overview and Level Annotations

Branches:
Dungeon (6/15)             Temple (0/1) D:5

Altars:
Hepliaklqana
Kikubaaqudgha

Shops:
D:4 **

Annotations:
D:3 1 runed translucent door, Crazy Yiuf
D:5 2 transporters, avis's ghost, weakling FeSh


Innate Abilities, Weirdness & Mutations

You are a hulking beast.
Your limbs bulge with bestial killing power. (Slay +4)
You have very sharp teeth.
Your uncanny sense of smell can sniff out nearby items.
Your experience applies equally to all skills.


Message History

The wight barely misses you.
The wight hits you with a +3 halberd of freezing!
You feel drained. The wight freezes you.
There is an open door, spattered with blood here.
You slash the wight! You punch the wight.
The wight is almost destroyed.
The wight closely misses you. The wight misses you.
You slash the wight!
You destroy the wight!
The wight barely misses you. The wight hits you with a +0 war axe!
* * * LOW HITPOINT WARNING * * *
You feel drained.
* * * LOW HITPOINT WARNING * * *
The wight attacks as it pursues you! The wight hits you with a +0 war axe!
* * * LOW HITPOINT WARNING * * *
You feel drained.
* * * LOW HITPOINT WARNING * * *
Things that are here:
a +3 halberd of freezing; a +0 robe
Okay, then.
Okay, then.
Aiming: Polymorph
Press: ? - help, Shift-Dir - straight line, f - wight
Aim: a wight, wielding a +0 war axe and wearing a +0 robe (heavily damaged, not susceptible)
Okay, then.
Unknown command.
Okay, then.
It was a potion of might.
You feel very mighty all of a sudden. The wight hits you with a +0 war axe.
* * * LOW HITPOINT WARNING * * *
You feel drained.
* * * LOW HITPOINT WARNING * * *
You closely miss the wight.
The wight is heavily damaged.
The wight closely misses you.
You hit the wight.
The wight is almost destroyed.
The wight hits you with a +0 war axe!
You die...

...........#.#)#### #.
########.#.#.#<#
#.##########.#.#.#)####
......................
#....#####.#.#.#.####
#....#.....#.#.#.# #
#....#.....+.....####
#.##.#....#.....#......[..
#........hz...........####
...........#######.#.#.#
##....###### #####.# #...#
#.# #.z. #.# #.. ♣.. #..
... ... ..


You could see a wight.

Vanquished Creatures
  An ice beast (D:5)
  2 black bears
  A phantom (D:4)
  2 necrophages (D:4)
  2 scorpions
  2 wights
  A jelly (D:5)
  A human zombie (D:4)
  2 orc priests (D:5)
  2 scorpion zombies (D:4)
  Jessica (D:2)
  A gnoll bouda (D:5)
  Ijyb (D:3)
  A hound zombie (D:4)
  2 mummies (D:4)
  7 adders
  12 gnolls
  3 adder zombies (D:4)
  2 worms (D:2)
  A dart slug (D:2)
  17 orcs
  9 endoplasms
  2 giant cockroaches
  2 goblins
  6 hobgoblins
  7 jackals
  2 quokkas (D:2)
  6 ball pythons
  5 bats
  6 frilled lizards
  8 kobolds
  2 rats
  A spectral orc (D:4)
120 creatures vanquished.

Notes
Turn   | Place    | Note
-------+----------+-------------------------------------------
     0 | D:1      | croobank the Gnoll Shapeshifter began the quest for the
                  | Orb.
     0 | D:1      | Reached XP level 1. HP: 17/17 MP: 1/1
    98 | D:1      | Reached XP level 2. HP: 17/23 MP: 2/2
   995 | D:2      | Reached XP level 3. HP: 26/28 MP: 3/3
  1153 | D:3      | Noticed Jessica
  1158 | D:3      | Reached skill level 1 in Invocations
  1327 | D:2      | Killed Jessica
  1328 | D:2      | Reached skill level 1 in Short Blades
  1328 | D:2      | Reached skill level 1 in Long Blades
  1328 | D:2      | Reached skill level 1 in Axes
  1328 | D:2      | Reached skill level 1 in Maces & Flails
  1328 | D:2      | Reached skill level 1 in Polearms
  1328 | D:2      | Reached skill level 1 in Staves
  1328 | D:2      | Reached skill level 1 in Ranged Weapons
  1328 | D:2      | Reached skill level 1 in Throwing
  1328 | D:2      | Reached skill level 1 in Armour
  1328 | D:2      | Reached skill level 1 in Stealth
  1328 | D:2      | Reached skill level 1 in Shields
  1328 | D:2      | Reached skill level 1 in Spellcasting
  1328 | D:2      | Reached skill level 1 in Evocations
  1328 | D:2      | Reached XP level 4. HP: 27/34 MP: 5/5
  1416 | D:3      | You fall into a shaft and drop 1 floor!
  1478 | D:4      | Noticed a phantom
  1497 | D:4      | Killed a phantom
  1498 | D:4      | Reached skill level 1 in Conjurations
  1498 | D:4      | Reached skill level 1 in Hexes
  1498 | D:4      | Reached skill level 1 in Summonings
  1498 | D:4      | Reached skill level 1 in Necromancy
  1498 | D:4      | Reached skill level 1 in Translocations
  1498 | D:4      | Reached skill level 1 in Transmutations
  1498 | D:4      | Reached skill level 1 in Fire Magic
  1498 | D:4      | Reached skill level 1 in Ice Magic
  1498 | D:4      | Reached skill level 1 in Air Magic
  1498 | D:4      | Reached skill level 1 in Earth Magic
  1498 | D:4      | Reached skill level 1 in Poison Magic
  1498 | D:4      | Reached XP level 5. HP: 31/41 MP: 5/7
  1954 | D:2      | Reached XP level 6. HP: 41/47 MP: 8/8
  2620 | D:3      | Noticed Ijyb
  2622 | D:3      | Identified the +5 falchion of Fragile Peace {protect, rF+}
  2638 | D:3      | Killed Ijyb
  2639 | D:3      | Reached skill level 5 in Dodging
  2904 | D:3      | Found a runed translucent door.
  2905 | D:3      | Noticed Crazy Yiuf
  3229 | D:4      | Found Igrosogg's General Store.
  3237 | D:4      | Found Sashritt's Specific Store.
  3310 | D:4      | Bought a scroll of teleportation for 33 gold pieces
  3349 | D:4      | Noticed a black bear
  3359 | D:4      | Killed a black bear
  3380 | D:4      | Reached XP level 7. HP: 52/52 MP: 10/10
  3462 | D:4      | Found an ancient bone altar of Kikubaaqudgha.
  3752 | D:4      | Found a hazy altar of Hepliaklqana.
  3814 | D:4      | Became a worshipper of Hepliaklqana the Forgotten
  4168 | D:5      | Entered Level 5 of the Dungeon
  4201 | D:5      | Found a transporter.
  4496 | D:5      | Reached XP level 8. HP: 41/60 MP: 12/12
  4560 | D:6      | Learned a level 2 spell: Blink
  4685 | D:5      | Found a staircase to the Ecumenical Temple.
  4950 | D:5      | Found a transporter.
  4952 | D:5      | Noticed avis's ghost (weakling FeSh)
  5345 | D:6      | HP: 2/54 [wight/+0 war axe (1)]
  5347 | D:6      | Slain by a wight

Illustrated notes

Levels and vault maps discovered:
D:1:      minmay_arrival_open_corners, layout_basic, roderic_serpentine_path
D:2:      layout_basic
D:3:      layout_loops_ring, uniq_ijyb, uniq_crazy_yiuf_cottage, uniq_jessica
D:4:      layout_basic, lemuel_mausoleum_altar_kikubaaqudgha,
          nicolae_hepliaklqana_monster_ancestors, nrook_mini_vaults,
          nicolae_specific_store
D:5:      layout_basic, minmay_temple_entry_hall, gammafunk_ghost_mausoleum,
          saegor_snake_ambush
D:6:      hangedman_cross_stitches, layout_basic,
          grunt_dithmenos_smoke_and_mirrors, elyvilon_altar_3, minivault_1,
          chequers_serial_rivers_large_b, uniq_edmund

Skill      XL: |  1  2  3  4  5  6  7  8 |
---------------+-------------------------+-----
Invocations    | 1 2 3 |  3.7
Short Blades   | 1 2 3 |  3.4
Long Blades    | 1 2 3 |  3.4
Axes           | 1 2 3 |  3.4
Maces & Flails | 1 2 3 |  3.4
Polearms       | 1 2 3 |  3.4
Staves         | 1 2 3 |  3.4
Ranged Weapons | 1 2 3 |  3.4
Throwing       | 1 2 3 |  3.4
Armour         | 1 2 3 |  3.4
Stealth        | 1 2 3 |  3.4
Shields        | 1 2 3 |  3.4
Spellcasting   | 1 2 3 |  3.4
Evocations     | 1 2 3 |  3.4
Fighting       | 3 4 |  4.3
Conjurations   | 1 2 |  2.8
Hexes          | 1 2 |  2.8
Summonings     | 1 2 |  2.8
Necromancy     | 1 2 |  2.8
Translocations | 1 2 |  2.8
Transmutations | 1 2 |  2.8
Fire Magic     | 1 2 |  2.8
Ice Magic      | 1 2 |  2.8
Air Magic      | 1 2 |  2.8
Earth Magic    | 1 2 |  2.8
Poison Magic   | 1 2 |  2.8
Dodging        | 5 |  5.8
Unarmed Combat | 7 |  7.4
Shapeshifting  | 7 |  7.3

Action                     |  1- 3 |  4- 6 |  7- 9 || total
---------------------------+-------+-------+-------++-------
  Melee: Unarmed           |    56 |    66 |       ||   122
         Bite              |     1 |     9 |    15 ||    25
         Punch             |       |     5 |    11 ||    16
         Falchion          |       |    46 |   160 ||   206
  Throw: Javelin           |       |     2 |     3 ||     5
    Use: Scroll            |       |     3 |     4 ||     7
         Potion            |       |     1 |     1 ||     2
   Stab: Sleeping          |     1 |     7 |     8 ||    16
 Armour: Animal skin       |    33 |    47 |   116 ||   196
         Skin              |       |     8 |       ||     8
  Dodge: Dodged            |    35 |    53 |   130 ||   218

Table legend: (Time is in decaauts)
 A = Elapsed time spent in this place.
 B = Non-inter-level travel time spent in this place.
 C = Inter-level travel time spent in this place.
 D = Time resting spent in this place.
 E = Time spent auto-exploring this place.
 F = Levels seen in this place.
 G = Mean time per level.
                   A        B        C        D        E       F      G
               +--------+--------+--------+--------+--------+-----+--------+
         Total |   5396 |   5201 |    195 |    936 |   3191 |   6 |  899.3 |
       Dungeon |   5396 |   5201 |    195 |    936 |   3191 |   6 |  899.3 |
               +--------+--------+--------+--------+--------+-----+--------+

Top non-repeatable levels by time:
     D:4: 1299 daAuts
     D:2: 1261 daAuts
     D:5: 1063 daAuts
     D:3: 862 daAuts
     D:1: 754 daAuts
     D:6: 154 daAuts
